cohdb
Replays
Latest Replays
All Replays
Popular Replays
Top Player Replays
Match Explorer
How It Works
Community
CoH3 Stats
Reddit
Sign in to upload your games and track your stats! →
Sign in with Steam
Match 45355273
Unlisted
Match 45355273
Overview
Messages
Build Orders
End
Construct Infanterie Kompanie
Pioneer Squad
Selects Breakthrough Battlegroup
Grenadier Squad
Grenadier Squad
GrW 34 Mortar Team
Medical Station
Selects Assault Grenadiers
Selects Breakthrough
Construct Panzergrenadier Kompanie
Panzergrenadier Squad
Selects Rapid Production
Panzergrenadier Squad
Pak 40 Anti-tank Gun Team
Pak 40 Anti-tank Gun Team
pagep
7k this year for sure
Cpt. Colter Stevens
pineapple the fruit dude
0
0
Comments
sign in to comment!
No comments posted yet!